TOP OF THE 1ST |
Milwaukee Brewers batting - Pitching for Kansas City Royals : LHP Frank Viola
|
Pitching: LHP Frank Viola
|
|
Batting: RHB Steve Sax
|
0-0: Foul Ball, location: 2F 0-1: Swinging Strike 0-2: Ball 1-2: Strikes out swinging
|
Batting: RHB Thurman Munson
|
0-0: Foul Ball, location: 2F 0-1: Ball 1-1: Ball 2-1: Fly out, F8 (Flyball, 8LXD, EV 93.8 MPH)
|
Batting: RHB Eric Davis
|
0-0: Ball 1-0: Ball 2-0: Ball 3-0: Called Strike 3-1: Called Strike 3-2: Base on Balls
|
Batting: RHB Mike Schmidt
|
0-0: Ball 1-0: Swinging Strike 1-1: Called Strike 1-2: Ball 2-2: Foul Ball, location: 2F 2-2: Ball 3-2: Fly out, F6 (Flyball, 56D, EV 77.5 MPH)
|
Top of the 1st over - 0 runs, 0 hits, 0 errors, 1 left on base; Milwaukee 0 - Kansas City 0 |
BOTTOM OF THE 1ST |
Kansas City Royals batting - Pitching for Milwaukee Brewers : RHP Kevin Gross
|
Pitching: RHP Kevin Gross
|
|
Batting: RHB Rickey Henderson
|
0-0: Foul Ball, location: 2F 0-1: Ball 1-1: Foul Ball, location: 2F 1-2: Ball 2-2: Foul Ball, location: 2F 2-2: Foul Ball, location: 2F 2-2: Ball 3-2: Foul Ball, location: 2F 3-2: Ground out 4-3 (Groundball, 4MD, EV 102.5 MPH)
|
Batting: LHB Gene Richards
|
0-0: Foul Ball, location: 2F 0-1: Foul Ball, location: 2F 0-2: DOUBLE (Line Drive, 7LM, EV 96.9 MPH)
|
Batting: RHB Bob Horner
|
0-0: Ball 1-0: Ball 2-0: Foul Ball, location: 2F 2-1: Swinging Strike 2-2: Ground out 1-3 (Groundball, 15S, EV 65.6 MPH)
|
Batting: RHB Gary Carter
|
0-0: Foul Ball, location: 2F 0-1: Called Strike 0-2: Fly out, F9 (Flyball, 9S, EV 88.1 MPH)
|
Bottom of the 1st over - 0 runs, 1 hit, 0 errors, 1 left on base; Milwaukee 0 - Kansas City 0 |
TOP OF THE 2ND |
Milwaukee Brewers batting - Pitching for Kansas City Royals : LHP Frank Viola
|
Batting: SHB Eddie Murray
|
0-0: Ball 1-0: SOLO HOME RUN (Flyball, 7LD, EV 96.9 MPH), Distance : 358 ft
|
Batting: LHB Von Hayes
|
0-0: Ball 1-0: Swinging Strike 1-1: Foul Ball, location: 2F 1-2: Foul Ball, location: 2F 1-2: Fly out, F8 (Flyball, 8RM, EV 84.4 MPH)
|
Batting: RHB Glenn Davis
|
0-0: Ball 1-0: Called Strike 1-1: Called Strike 1-2: SINGLE (Line Drive, 34, EV 106.3 MPH)
|
Batting: RHB Ken Landreaux
|
0-0: Ground out U3 (Groundball, 3S, EV 93.8 MPH) Glenn Davis to second
|
Batting: SHB Alfredo Griffin
|
0-0: Ball 1-0: Single, Error in OF, E9, batter to second base (Line Drive, 34D, EV 98.8 MPH) Glenn Davis scores
|
Batting: RHB Steve Sax
|
0-0: Fly out, F9 (Flyball, 9LD, EV 102.5 MPH)
|
Top of the 2nd over - 2 runs, 3 hits, 1 error, 1 left on base; Milwaukee 2 - Kansas City 0 |
BOTTOM OF THE 2ND |
Kansas City Royals batting - Pitching for Milwaukee Brewers : RHP Kevin Gross
|
Batting: RHB Lloyd McClendon
|
0-0: Called Strike 0-1: Foul Ball, location: 2F 0-2: Ball 1-2: Ball 2-2: Foul Ball, location: 2F 2-2: SINGLE (Flyball, 7LS, EV 100.6 MPH)
|
Batting: RHB Jeffrey Leonard
|
0-0: Called Strike 0-1: Called Strike 0-2: Ball Passed Ball! Lloyd McClendon to second 1-2: Ball 2-2: Foul Ball, location: 2F 2-2: Foul Ball, location: 2F 2-2: Strikes out swinging
|
Batting: LHB Rick Manning
|
0-0: DOUBLE (Flyball, 78D, EV 96.3 MPH) Lloyd McClendon scores
|
Batting: LHB Alvin Davis
|
0-0: Ball 1-0: Ball 2-0: Called Strike 2-1: Ball 3-1: SINGLE (Groundball, 3D, EV 104.4 MPH) Rick Manning to third Runner from 3rd tries for Home, SAFE, throw by RF to home
|
Batting: LHB Brad Mills
|
0-0: Fly out, F7 (Line Drive, 7D, EV 88.8 MPH)
|
Batting: RHB Rickey Henderson
|
0-0: Foul Ball, location: 2F 0-1: Foul Ball, location: 2F 0-2: SINGLE (Line Drive, 78M, EV 103.1 MPH) Alvin Davis to second
|
Batting: LHB Gene Richards
|
0-0: Called Strike 0-1: Fly out, F4 (Popup, 4M, EV 51.3 MPH)
|
Bottom of the 2nd over - 2 runs, 4 hits, 0 errors, 2 left on base; Milwaukee 2 - Kansas City 2 |
TOP OF THE 3RD |
Milwaukee Brewers batting - Pitching for Kansas City Royals : LHP Frank Viola
|
Batting: RHB Thurman Munson
|
0-0: Ball 1-0: Ball 2-0: Ball 3-0: Called Strike 3-1: Foul Ball, location: 2F 3-2: Fly out, F5 (Popup, 25F, EV 87.5 MPH)
|
Batting: RHB Eric Davis
|
0-0: Ball 1-0: Swinging Strike 1-1: SINGLE (Flyball, 8LS, EV 93.8 MPH)
|
Batting: RHB Mike Schmidt
|
0-0: Called Strike Eric Davis steals 2nd base 0-1: Ball 1-1: Foul Ball, location: 2F 1-2: Ground out U3 (Groundball, 34, EV 88.8 MPH) Eric Davis to third
|
Batting: SHB Eddie Murray
|
0-0: Ball 1-0: Swinging Strike 1-1: Ball 2-1: Foul Ball, location: 2F 2-2: Foul Ball, location: 2F 2-2: Strikes out looking
|
Top of the 3rd over - 0 runs, 1 hit, 0 errors, 1 left on base; Milwaukee 2 - Kansas City 2 |
BOTTOM OF THE 3RD |
Kansas City Royals batting - Pitching for Milwaukee Brewers : RHP Kevin Gross
|
Batting: RHB Bob Horner
|
0-0: Ball 1-0: Ball 2-0: Called Strike 2-1: Ball 3-1: Base on Balls
|
Batting: RHB Gary Carter
|
0-0: Called Strike 0-1: SINGLE (Line Drive, 89S, EV 105.6 MPH) Bob Horner to second
|
Batting: RHB Lloyd McClendon
|
0-0: Ball 1-0: Ball 2-0: Ball 3-0: Called Strike 3-1: Called Strike 3-2: Grounds into double play, 5-4-3 (Groundball, 56, EV 84.4 MPH) Bob Horner to third
|
Batting: RHB Jeffrey Leonard
|
0-0: SINGLE (Flyball, 4D, EV 87.5 MPH) Bob Horner scores
|
Batting: LHB Rick Manning
|
0-0: Ball 1-0: Foul Ball, location: 2F 1-1: Fielders Choice at 2nd, 6-4 (Groundball, 56, EV 86.9 MPH)
|
Bottom of the 3rd over - 1 run, 2 hits, 0 errors, 1 left on base; Milwaukee 2 - Kansas City 3 |
TOP OF THE 4TH |
Milwaukee Brewers batting - Pitching for Kansas City Royals : LHP Frank Viola
|
Batting: LHB Von Hayes
|
0-0: Ball 1-0: Foul Ball, location: 2F 1-1: Ball 2-1: Reached on error, E3 (Groundball, 3L, EV 83.8 MPH)
|
Batting: RHB Glenn Davis
|
0-0: Called Strike 0-1: Swinging Strike 0-2: 2-RUN HOME RUN (Flyball, 7D, EV 96.3 MPH), Distance : 382 ft
|
Batting: RHB Ken Landreaux
|
0-0: Ball 1-0: Called Strike 1-1: SINGLE (Line Drive, 56D, EV 96.9 MPH)
|
Batting: SHB Alfredo Griffin
|
0-0: Ball 1-0: Ball Ken Landreaux steals 2nd base (no throw) 2-0: Ball 3-0: Called Strike 3-1: Ground out 1-3 (Groundball, 13S, EV 63.8 MPH) Ken Landreaux to third
|
Batting: RHB Steve Sax
|
0-0: Ground out 4-3 (Groundball, 4MS, EV 93.1 MPH) Ken Landreaux scores
|
Batting: RHB Thurman Munson
|
0-0: SINGLE (Flyball, 7S, EV 86.9 MPH)
|
Batting: RHB Eric Davis
|
0-0: Ball 1-0: Foul Ball, location: 2F 1-1: Foul Ball, location: 2F 1-2: Foul Ball, location: 2F 1-2: Foul Ball, location: 2F 1-2: Ball Wild Pitch! Thurman Munson to second 2-2: Strikes out swinging
|
Top of the 4th over - 3 runs, 3 hits, 1 error, 1 left on base; Milwaukee 5 - Kansas City 3 |
BOTTOM OF THE 4TH |
Kansas City Royals batting - Pitching for Milwaukee Brewers : RHP Kevin Gross
|
Batting: LHB Alvin Davis
|
0-0: Ball 1-0: Called Strike 1-1: Swinging Strike 1-2: Strikes out swinging
|
Batting: LHB Brad Mills
|
0-0: Called Strike 0-1: Ball 1-1: Swinging Strike 1-2: Foul Ball, location: 2F 1-2: Ball 2-2: Ball 3-2: Base on Balls
|
Batting: RHB Rickey Henderson
|
0-0: Called Strike 0-1: Ball Brad Mills steals 2nd base 1-1: Called Strike 1-2: Foul Ball, location: 2F 1-2: Foul Ball, location: 2F 1-2: Foul Ball, location: 2F 1-2: Foul Ball, location: 2F 1-2: Ball 2-2: 2-RUN HOME RUN (Flyball, 9D, EV 93.1 MPH), Distance : 407 ft
|
Batting: LHB Gene Richards
|
0-0: Called Strike 0-1: Ball 1-1: Ball 2-1: Foul Ball, location: 2F 2-2: Ball 3-2: Foul Ball, location: 2F 3-2: Base on Balls
|
Batting: RHB Bob Horner
|
0-0: Called Strike Gene Richards steals 2nd, throwing error, E2 Gene Richards to third 0-1: Ball 1-1: Foul Ball, location: 2F 1-2: Strikes out looking
|
Batting: RHB Gary Carter
|
0-0: Called Strike 0-1: Foul Ball, location: 2F 0-2: Ball 1-2: Ball 2-2: Strikes out swinging
|
Bottom of the 4th over - 2 runs, 1 hit, 1 error, 1 left on base; Milwaukee 5 - Kansas City 5 |
TOP OF THE 5TH |
Milwaukee Brewers batting - Pitching for Kansas City Royals : LHP Frank Viola
|
Pitching: RHP Dave Tobik
|
|
Batting: RHB Mike Schmidt
|
0-0: Ground out 5-3 (Groundball, 56, EV 103.1 MPH)
|
Batting: SHB Eddie Murray
|
0-0: Ball 1-0: Ball 2-0: Ball 3-0: Called Strike 3-1: Ground out 3-1 (Groundball, 34, EV 105.6 MPH)
|
Batting: LHB Von Hayes
|
0-0: Ball 1-0: Ball 2-0: Ball 3-0: Called Strike 3-1: Base on Balls
|
Batting: RHB Glenn Davis
|
0-0: Ball 1-0: Called Strike Von Hayes steals 2nd base 1-1: Ball 2-1: SINGLE (Groundball, 56D, EV 105.6 MPH) Von Hayes to third Runner from 3rd tries for Home, SAFE, throw by LF to home
|
Batting: RHB Ken Landreaux
|
0-0: Foul Ball, location: 2F 0-1: Ball 1-1: Ball 2-1: Fly out, F8 (Line Drive, 8RD, EV 95.6 MPH)
|
Top of the 5th over - 1 run, 1 hit, 0 errors, 1 left on base; Milwaukee 6 - Kansas City 5 |
BOTTOM OF THE 5TH |
Kansas City Royals batting - Pitching for Milwaukee Brewers : RHP Kevin Gross
|
Pitching: LHP Don Carman
|
|
Batting: RHB Lloyd McClendon
|
0-0: Called Strike 0-1: Swinging Strike 0-2: Ball 1-2: Foul Ball, location: 2F 1-2: Foul Ball, location: 2F 1-2: Strikes out looking
|
Batting: RHB Jeffrey Leonard
|
0-0: Called Strike 0-1: Swinging Strike 0-2: Ball 1-2: Ground out U3 (Groundball, 23, EV 81.3 MPH)
|
Batting: LHB Rick Manning
|
0-0: Ground out U3 (Groundball, 3, EV 81.3 MPH)
|
Bottom of the 5th over - 0 runs, 0 hits, 0 errors, 0 left on base; Milwaukee 6 - Kansas City 5 |
TOP OF THE 6TH |
Milwaukee Brewers batting - Pitching for Kansas City Royals : RHP Dave Tobik
|
Batting: SHB Alfredo Griffin
|
0-0: Ball 1-0: Ground out U3 (Groundball, 3, EV 84.4 MPH)
|
Pinch Hitting: RHB Brian J Giles
|
0-0: Called Strike 0-1: Called Strike 0-2: Ground out 4-3 (Groundball, 4, EV 100.0 MPH)
|
Pitching: RHP Bob Welch
|
|
Batting: RHB Thurman Munson
|
0-0: Called Strike 0-1: Called Strike 0-2: Ball 1-2: Ball 2-2: Foul Ball, location: 2F 2-2: Foul Ball, location: 2F 2-2: Foul Ball, location: 2F 2-2: Ball 3-2: Base on Balls
|
Pinch Hitting: RHB Ricky Jacquez
|
0-0: Called Strike 0-1: Foul Ball, location: 2F 0-2: Ball 1-2: Strikes out swinging
|
Top of the 6th over - 0 runs, 0 hits, 0 errors, 1 left on base; Milwaukee 6 - Kansas City 5 |
BOTTOM OF THE 6TH |
Kansas City Royals batting - Pitching for Milwaukee Brewers : LHP Don Carman
|
Now at 2B: Brian J Giles
|
|
Now in CF: Ricky Jacquez
|
|
Batting: LHB Alvin Davis
|
0-0: Ball 1-0: Foul Ball, location: 2F 1-1: Ball 2-1: Foul Ball, location: 2F 2-2: Foul Ball, location: 2F 2-2: Foul Ball, location: 2F 2-2: Foul Ball, location: 2F 2-2: Ball 3-2: Fly out, F7 (Flyball, 7, EV 97.5 MPH)
|
Batting: LHB Brad Mills
|
0-0: Called Strike 0-1: Reached on error, E2 (Groundball, 2R, EV 65.6 MPH)
|
Pinch Hitting: LHB Kerry Dineen
|
0-0: Swinging Strike 0-1: Ball 1-1: Ball 2-1: Called Strike 2-2: Ball 3-2: Strikes out swinging
|
Pinch Hitting: LHB Jim Eisenreich
|
0-0: Swinging Strike 0-1: Foul Ball, location: 2F 0-2: SINGLE (Line Drive, 7S, EV 103.1 MPH) Brad Mills to third Runner from 3rd tries for Home, SAFE, throw by LF to home
|
Pinch Hitting: RHB Adrian Monrreal
|
0-0: Called Strike 0-1: Ball Jim Eisenreich steals 2nd base 1-1: Foul Ball, location: 2F 1-2: Fly out, F8 (Flyball, 8LXD, EV 88.1 MPH)
|
Bottom of the 6th over - 1 run, 1 hit, 1 error, 1 left on base; Milwaukee 6 - Kansas City 6 |
TOP OF THE 7TH |
Milwaukee Brewers batting - Pitching for Kansas City Royals : RHP Bob Welch
|
Now at 2B: Adrian Monrreal
|
|
Now in CF: Kerry Dineen
|
|
Now in RF: Jim Eisenreich
|
|
Pinch Hitting: RHB Pat Tabler
|
0-0: Called Strike 0-1: Ball 1-1: Ground out 6-3 (Groundball, 56, EV 106.9 MPH)
|
Pinch Hitting: RHB Martinho Varandas
|
0-0: Called Strike 0-1: Fly out, F9 (Flyball, 89D, EV 109.4 MPH)
|
Pinch Hitting: LHB Al Oliver
|
0-0: Swinging Strike 0-1: SINGLE (Line Drive, 78S, EV 105.0 MPH)
|
Batting: LHB Denny Walling
|
0-0: Ball 1-0: Fly out, F8 (Line Drive, 8LM, EV 91.9 MPH)
|
Top of the 7th over - 0 runs, 1 hit, 0 errors, 1 left on base; Milwaukee 6 - Kansas City 6 |
BOTTOM OF THE 7TH |
Kansas City Royals batting - Pitching for Milwaukee Brewers : LHP Don Carman
|
Now at 1B: Martinho Varandas
|
|
Now at 3B: Pat Tabler
|
|
Now in LF: Al Oliver
|
|
Pinch Hitting: RHB Al Minker
|
0-0: Foul Ball, location: 2F 0-1: Called Strike 0-2: Strikes out swinging
|
Batting: RHB Lloyd McClendon
|
0-0: Called Strike 0-1: Ball 1-1: Fly out, F7 (Flyball, 7LM, EV 83.8 MPH)
|
Pinch Hitting: RHB Eddie Gates
|
0-0: Ground out 5-3 (Groundball, 56, EV 104.4 MPH)
|
Bottom of the 7th over - 0 runs, 0 hits, 0 errors, 0 left on base; Milwaukee 6 - Kansas City 6 |
TOP OF THE 8TH |
Milwaukee Brewers batting - Pitching for Kansas City Royals : RHP Bob Welch
|
Now at 1B: Al Minker
|
|
Now in LF: Eddie Gates
|
|
Pinch Hitting: LHB Harold Baines
|
0-0: Called Strike 0-1: Ball 1-1: Foul Ball, location: 2F 1-2: Strikes out swinging
|
Pinch Hitting: SHB Wally Backman
|
0-0: Swinging Strike 0-1: Called Strike 0-2: Foul Ball, location: 2F 0-2: Strikes out looking
|
Batting: RHB Brian J Giles
|
0-0: Called Strike 0-1: Ball 1-1: Swinging Strike 1-2: Fly out, F7 (Line Drive, 7, EV 103.8 MPH)
|
Top of the 8th over - 0 runs, 0 hits, 0 errors, 0 left on base; Milwaukee 6 - Kansas City 6 |
BOTTOM OF THE 8TH |
Kansas City Royals batting - Pitching for Milwaukee Brewers : LHP Don Carman
|
Pitching: RHP Carlos Martinez
|
|
Now at SS: Wally Backman
|
|
Now in RF: Harold Baines
|
|
Pinch Hitting: RHB Alberto Gonzalez
|
0-0: Swinging Strike 0-1: Swinging Strike 0-2: Ball 1-2: Ground out 4-3 (Groundball, 13, EV 80.0 MPH)
|
Batting: RHB Charlie O'Brien
|
0-0: Called Strike 0-1: Ball 1-1: Ground out 6-3 (Groundball, 6, EV 106.3 MPH)
|
Pinch Hitting: RHB Cesare Pierpaoli
|
0-0: Called Strike 0-1: Ball 1-1: Ground out 4-3 (Groundball, 34D, EV 99.4 MPH)
|
Bottom of the 8th over - 0 runs, 0 hits, 0 errors, 0 left on base; Milwaukee 6 - Kansas City 6 |
TOP OF THE 9TH |
Milwaukee Brewers batting - Pitching for Kansas City Royals : RHP Bob Welch
|
Now at 3B: Cesare Pierpaoli
|
|
Now at SS: Alberto Gonzalez
|
|
Pinch Hitting: RHB Dave Huppert
|
0-0: Foul Ball, location: 2F 0-1: Fly out, F9 (Flyball, 89M, EV 77.5 MPH)
|
Batting: RHB Ricky Jacquez
|
0-0: Called Strike 0-1: Called Strike 0-2: Ball 1-2: Ball 2-2: Ball 3-2: Base on Balls
|
Pinch Hitting: LHB Andre David
|
0-0: Ball Ricky Jacquez steals 2nd base 1-0: Swinging Strike 1-1: Ball 2-1: Ball 3-1: Foul Ball, location: 2F 3-2: Base on Balls
|
Batting: RHB Martinho Varandas
|
0-0: Grounds into double play, 1-6-3 (Groundball, 34S, EV 67.5 MPH)
|
Top of the 9th over - 0 runs, 0 hits, 0 errors, 1 left on base; Milwaukee 6 - Kansas City 6 |
BOTTOM OF THE 9TH |
Kansas City Royals batting - Pitching for Milwaukee Brewers : RHP Carlos Martinez
|
Now at C: Dave Huppert
|
|
Now at 3B: Skeeter Barnes
|
|
Batting: LHB Kerry Dineen
|
0-0: Ball 1-0: Ball 2-0: Called Strike 2-1: Ground out 3-1 (Groundball, 34S, EV 89.4 MPH)
|
Batting: LHB Jim Eisenreich
|
0-0: Ball 1-0: Ball 2-0: Ball 3-0: Base on Balls
|
Batting: RHB Adrian Monrreal
|
0-0: Ball 1-0: Swinging Strike 1-1: Foul Ball, location: 2F 1-2: Fly out, F7 (Line Drive, 7, EV 106.3 MPH)
|
Batting: RHB Al Minker
|
0-0: Foul Ball, location: 2F Pickoff Throw to First - Out! 1-3
|
Bottom of the 9th over - 0 runs, 0 hits, 0 errors, 0 left on base; Milwaukee 6 - Kansas City 6 |
TOP OF THE 10TH |
Milwaukee Brewers batting - Pitching for Kansas City Royals : RHP Bob Welch
|
Batting: LHB Al Oliver
|
0-0: Called Strike 0-1: Ball 1-1: Foul Ball, location: 2F 1-2: SINGLE (Groundball, 4MD, EV 105.0 MPH)
|
Pitching: LHP Ross Baumgarten
|
|
Batting: LHB Denny Walling
|
0-0: Fielders Choice at 2nd, 6-4 (Groundball, 6, EV 80.0 MPH)
|
Pinch Hitting: RHB Tim Laudner
|
0-0: Called Strike 0-1: Foul Ball, location: 2F 0-2: SINGLE (Groundball, 34D, EV 96.9 MPH) Denny Walling to second Runner from 2nd tries for 3rd, SAFE, throw by RF made to third
|
Pinch Hitting: RHB Kevin Buckley
|
0-0: Ball 1-0: Fly out, F7 (Flyball, 7LM, EV 86.9 MPH) Runner from 3rd tags up, SCORES, no throw by LF
|
Batting: RHB Brian J Giles
|
0-0: Foul Ball, location: 2F 0-1: Fly out, F9 (Line Drive, 9, EV 83.8 MPH)
|
Top of the 10th over - 1 run, 2 hits, 0 errors, 1 left on base; Milwaukee 7 - Kansas City 6 |
BOTTOM OF THE 10TH |
Kansas City Royals batting - Pitching for Milwaukee Brewers : RHP Carlos Martinez
|
Now at SS: Fred Manrique
|
|
Now in LF: Pat Sheridan
|
|
Batting: RHB Al Minker
|
0-0: Ball 1-0: Fly out, F8 (Flyball, 8RXD, EV 103.1 MPH)
|
Pinch Hitting: LHB Charles Ross
|
0-0: Called Strike 0-1: Ball 1-1: Ground out U3 (Groundball, 3, EV 101.9 MPH)
|
Batting: RHB Eddie Gates
|
0-0: Ball 1-0: Swinging Strike 1-1: Fly out, F9 (Flyball, 89M, EV 82.5 MPH)
|
Bottom of the 10th over - 0 runs, 0 hits, 0 errors, 0 left on base; Milwaukee 7 - Kansas City 6 |
|